 Dungeon Crawl Stone Soup version 0.16.1-18-g436b03c (webtiles) character file.

78 tesudzi the Chucker (level 3, -2/27 HPs)
             Began as a Demigod Arcane Marksman on May 12, 2015.
             Killed from afar by an orc wizard (10 damage)
             ... with a puff of flame
             ... on level 2 of the Dungeon.
             The game lasted 00:10:06 (2599 turns).

tesudzi the Chucker (Demigod Arcane Marksman)       Turns: 2599, Time: 00:10:07

Health: -2/27      AC:  2    Str: 14    XL:     3   Next: 94%
Magic:  5/6        EV: 12    Int: 17    God:
Gold:   78         SH:  0    Dex: 17    Spells: 2 memorised, 0 levels left

rFire  . . .     SeeInvis .     v - +0 hand axe (elec)
rCold  . . .     Clarity  .     w - +0 robe (curse)
rNeg   . . .     SustAb   +     (no shield)
rPois  .         Gourm    .     (no helmet)
rElec  .         Spirit   .     (no cloak)
rCorr  .         Warding  .     (no gloves)
rMut   .         Stasis   .     (no boots)
MR     .....                    (no amulet)
Stlth  ++........               (no ring)
                                (no ring)

@: not resistant to hostile enchantments, unstealthy
A: sustain abilities
a: no special abilities


You were on level 2 of the Dungeon.
You were not hungry.

You visited 1 branch of the dungeon, and saw 3 of its levels.

You collected 78 gold pieces.

Inventory:

Hand weapons
 g - a +0 dagger
 v - a +0 hand axe of electrocution (weapon)
Missiles
 b - 5 javelins
 c - 2 throwing nets
 e - 82 stones
 h - 2 needles of slowing
 m - 4 tomahawks (quivered)
Armour
 a - a +0 robe
 l - a +0 robe
 w - a cursed +0 robe (worn)
Scrolls
 i - a scroll of fear {unknown}
 j - 2 scrolls of random uselessness {unknown}
 n - 2 scrolls of teleportation {unknown}
 q - a scroll of amnesia {unknown}
 r - 5 scrolls of identify {unknown}
 s - a scroll of fog {unknown}
Potions
 k - a potion of mutation {unknown}
 o - a potion of might {unknown}
 p - a potion of flight {unknown}
Books
 d - a book of Debilitation

   Spells                             Type                      Level
   a - Corona                         Hexes                        1
   b - Slow                           Hexes                        2
   c - Inner Flame                    Hexes/Fire                   3
   d - Enslavement                    Hexes                        4
   e - Cause Fear                     Hexes                        4
   f - Leda's Liquefaction            Hexes/Earth                  4
Comestibles
 f - 2 bread rations
 t - a meat ration


   Skills:
 - Level 0.8 Fighting
 - Level 0.1 Short Blades
 - Level 0.1 Axes
 - Level 3.9 Throwing
 - Level 1.7 Dodging
 + Level 1.1 Spellcasting
 - Level 2.6 Hexes


You couldn't memorise any spells.
You knew the following spells:

 Your Spells              Type           Power        Failure   Level  Hunger
a - Corona                Hex            ##.....      10%         1    ##.....
b - Inner Flame           Hex/Fire       #.......     38%         3    ####...


Dungeon Overview and Level Annotations

Branches:
Dungeon (3/15)


Innate Abilities, Weirdness & Mutations

Your attributes are resistant to harm.


Message History

You kill the orc!
The orc priest shouts!
The orc wizard hits you with a dagger.
You see here a short sword.
There is a stone staircase leading up here.
The orc priest becomes somewhat translucent.
The orc wizard hits you with a dagger.
* * * LOW HITPOINT WARNING * * *
You climb upwards.
There is a stone staircase leading down here.
Unknown command.
Casting: Corona
Confirm with . or Enter, or press ? or * to list all spells.
Aiming: Corona
Press: ? - help, Shift-Dir - straight line, f - orc wizard
Aim: an orc wizard, wielding a dagger and wearing a robe (chance 46%)
The orc wizard is outlined in light.
The orc wizard points at you and mumbles some strange words.
The puff of flame hits you!
You die...

#.# ### #.#######.# #.# ##.##
#.#######.# #.#######
##.#.###.#..PP...### ........#
#.###......PPP.....# #.#####.#
##.#.###.##.P_PP.... ...####.#
##.## #.##P.PPP.### ...≈≈##.# #.#
#.##.PPP..# .♣..≈#..# #.#
#.........# .......## #@#
########.## ._.♣...# #o# ##+##
.r....## ##.## ##...## .♣..≈##
#...## ##.....## ...≈≈#####
#.>..## ##.......#
...###...######.....####.........
.......................+.........
##.....#.######.......##.........
#.#.#.#.# #.#..##.###.......#


You could see an orc wizard.

Vanquished Creatures
  2 adders (D:2)
  3 worms (D:2)
  3 orcs
  5 bats
  8 goblins
  6 hobgoblins
  5 kobolds
  A quokka (D:1)
  2 giant newts
  6 rats
41 creatures vanquished.

Notes
Turn   | Place    | Note
--------------------------------------------------------------
     0 | D:1      | tesudzi, the Demigod Arcane Marksman, began the quest for the Orb.
     0 | D:1      | Reached XP level 1. HP: 15/15 MP: 3/3
   382 | D:1      | Reached XP level 2. HP: 11/22 MP: 4/4
  1232 | D:2      | Found a blossoming altar of Fedhas.
  1296 | D:2      | Reached skill level 3 in Throwing
  1416 | D:2      | Found a white marble altar of Elyvilon.
  1538 | D:2      | Reached XP level 3. HP: 22/27 MP: 4/6
  1691 | D:2      | Learned a level 3 spell: Inner Flame
  2599 | D:2      | Killed from afar by an orc wizard

Action                   || total
-------------------------++-------
Melee: Dagger            ||    64
       Hand axe          ||    28
Throw: Stone             ||    87
       Tomahawk          ||    23
       Javelin           ||    12
       Throwing net      ||     2
 Cast: Corona            ||    32
       Inner Flame       ||     2
 Stab: Distracted        ||     1
  Eat: Chunk             ||     7
